AoeStats
← Dorotheos Monomachos

Hideout

508182290Analyzed
1v1 RM · 12d ago on Sep 21, 2026· 21m 14s· 2 players
Game mode
Random Map
Map size
Tiny (2 player)
Population
200
Speed
Normal
Resources
Standard
Victory
Conquest
Starting age
Dark Age
Ending age
Imperial Age
RankedLock teamsTeams togetherTeam positionsShared explorationLock speedFull tech treeHidden civsTurbo modeCheats
Victory
Defeat
🇬🇧 Portuguese · United Kingdom
1143
+14
🇬🇷 Magyars · Greece
1109
-14
lukembarnes
10:37 Feudal Age
11:09 Double-Bit Axe
12:20 Loom
15:49 Wheelbarrow
19:13 Castle Age
17:19 Fletching
18:03 Padded Archer Armor
18:08 Stone Mining
20:15 Scale Barding Armor
Dorotheos Monomachos
7:58 Loom
10:09 Feudal Age
10:39 Double-Bit Axe
10:16 Man-at-Arms
16:38 Fletching
22:47 Castle Age
Connection lost

Rejoining the realm…

Still unreachable

The connection could not be restored.

Session expired

The server has moved on; the page needs a fresh start.